 Dungeon Crawl Stone Soup version 0.29.1-13-g9f3cf754e1 (webtiles) character file.

Game seed: 9627665339315231583

3668 nshep25 the Thaumaturge (level 9, 0/47 HPs)
             Began as a Deep Elf Conjurer on Feb 3, 2023.
             Was a Believer of Ashenzari.
             Slain by a death yak (13 damage)
             ... on level 7 of the Dungeon.
             The game lasted 00:52:56 (9551 turns).

nshep25 the Thaumaturge (Deep Elf Conjurer)         Turns: 9551, Time: 00:52:57

Health: 0/47       AC:  5    Str:  6    XL:     9   Next: 89%
Magic:  2/27       EV: 13    Int: 34    God:    Ashenzari [**....]
Gold:   474        SH:  0    Dex: 13    Spells: 13/32 levels left

rFire   . . .      SeeInvis +   I - +12 glaive of Panopticon {venom, *Noise +Blink rElec Int+2 Stlth+, Melee, Comp} (curse)
rCold   . . .      Faith    .   (shield currently unavailable)
rNeg    + . .      Spirit   .   G - +0 steam dragon scales of the Eternal Urgency {Fort, Comp} (curse)
rPois   .          Reflect  .   (no helmet)
rElec   +          Harm     .   (no cloak)
rCorr   .          Rampage  .   (no gloves)
Will    .....                   (no boots)
Stlth   ++++......              (no amulet)
HPRegen 0.15/turn               j - +6 ring of intelligence
MPRegen 0.20/turn               C - ring of positive energy

@: no status effects
A: no striking features
a: Renounce Religion, Evoke Blink, Shatter the Chains


You were on level 7 of the Dungeon.
You worshipped Ashenzari.
Ashenzari was pleased with you.
You visited 2 branches of the dungeon, and saw 9 of its levels.

You collected 474 gold pieces.

Inventory:

Hand Weapons
 F - the +6 dagger of Analysis {venom, rF++}
   (You found it on level 4 of the Dungeon)

   It poisons the flesh of those it strikes.
   rF:        It greatly protects you from fire.
 I - the cursed +12 glaive of Panopticon (weapon) {venom, *Noise +Blink rElec Int+2 Stlth+, Melee, Comp}
   (You took it off an orc on level 6 of the Dungeon)

   It poisons the flesh of those it strikes.
   Int:       It affects your intelligence (+2).
   rElec:     It insulates you from electricity.
   +Blink:    It lets you blink.
   *Noise:    It may make noises in combat.
   Stlth:     It makes you more stealthy.
   It has a curse which improves the following skills: Melee Combat: Short
   Blades, Long Blades, Axes, Maces & Flails, Polearms, Staves and Unarmed
   Combat.
   Companions: Summonings and Necromancy.
Missiles
 m - 5 curare-tipped darts
 x - 24 poisoned darts
 B - 3 throwing nets
Armour
 A - the +2 robe of Sif Muna's Generosity {Int+2}
   (You found it on level 4 of the Dungeon)

   Int:       It affects your intelligence (+2).
 G - the cursed +0 steam dragon scales of the Eternal Urgency (worn) {Fort, Comp}
   (You found it on level 8 of the Dungeon)

   It has a curse which improves the following skills: Fortitude: Armour and
   Shields.
   Companions: Summonings and Necromancy.
 J - a +2 robe of willpower
Magical Staves
 s - a staff of earth
Jewellery
 j - a +6 ring of intelligence (left hand)
 C - a ring of positive energy (right hand)
Wands
 p - a wand of paralysis (14)
Scrolls
 c - 2 scrolls of enchant weapon
 f - 2 scrolls of silence
 g - 2 scrolls of vulnerability
 i - 5 scrolls of amnesia
 k - 10 scrolls of identify
 o - 3 scrolls of blinking
 r - a scroll of magic mapping
 t - 2 scrolls of teleportation
 u - 3 scrolls of butterflies
 w - a scroll of immolation
 y - 2 scrolls of enchant armour
 E - a scroll of brand weapon
 H - a scroll of fear
Potions
 a - a potion of heal wounds
 b - 2 potions of magic
 d - a potion of cancellation
 e - a potion of ambrosia
 h - a potion of berserk rage
 l - a potion of brilliance
 n - 3 potions of lignification
 q - a potion of haste
 v - 2 potions of mutation
 z - 3 potions of curing
 D - a potion of flight


   Skills:
 + Level 1.0 Fighting
 + Level 3.4 Dodging
 + Level 4.1 Stealth
 * Level 12.4 Spellcasting
 + Level 9.6 Conjurations
 + Level 2.4 Hexes
 + Level 3.7(5.4) Summonings
 + Level 1.2 Translocations
 * Level 4.9 Evocations


You had 13 spell levels left.
You knew the following spells:

 Your Spells              Type           Power      Damage    Failure   Level
a - Magic Dart            Conj           100%       1d8       1%          1
b - Searing Ray           Conj           100%       2d8       1%          2
c - Iskenderun's Mystic   Conj/Tloc      55%        2d12      2%          4
d - Fulminant Prism       Conj/Hex       29%        3d14      1%          4
e - Call Canine Familiar  Summ           55%        N/A       1%          3
f - Summon Guardian Gole  Hex/Summ       47%        N/A       1%          3
q - Sublimation of Blood  Necr           22%        N/A       3%          2

Your spell library contained the following spells:

 Spells                   Type           Power      Damage    Failure   Level
 Summon Small Mammal      Summ           100%       N/A       1%          1
 Ensorcelled Hibernation  Hex/Ice        58%        N/A       1%          2
 Dazzling Flash           Conj/Hex       100%       N/A       1%          3
 Passwall                 Tmut/Erth      17%        N/A       3%          2
 Wereblood                Tmut           21%        N/A       3%          2
 Gell's Gravitas          Tloc           29%        N/A       3%          3
 Teleport Other           Tloc           29%        N/A       3%          3
 Swiftness                Air            21%        N/A       6%          3
 Dispersal                Tloc           14%        N/A       88%         6
 Summon Hydra             Summ           27%        N/A       88%         7


Dungeon Overview and Level Annotations

Branches:
Dungeon (8/15)             Temple (1/1) D:6            Lair (0/5) D:8

Altars:
Ashenzari
Cheibriados
Dithmenos
Elyvilon
Fedhas
Gozag
Hepliaklqana
Kikubaaqudgha
Makhleb
Nemelex Xobeh
Okawaru
Qazlal
Ru
Sif Muna
Trog
Uskayaw
Vehumet
Xom
Yredelemnul
Zin

Shops:
D:4 [

Annotations:
D:7 3 runed translucent doors, KittyFluff's ghost, novice GrBe


Message History

Your wolf dies!
Your wolf's corpse disappears in a puff of smoke!
The death yak bellows!
Things that are here:
a stone; a +0 short sword
Casting: Call Canine Familiar (safe; 1% risk of failure)
Confirm with . or Enter, or press ? or * to list all spells.
Things that are here:
4 stones; a +0 whip; a +0 club The death yak gores your wolf!
Your wolf bites the death yak!
There is a stone staircase leading up here.
The death yak closely misses your wolf.
Your wolf bites the death yak.
Your wolf bites the death yak!
The death yak gores your wolf!!
Your wolf dies!
Your wolf's corpse disappears in a puff of smoke!
The magic dart hits the death yak but does no damage.
The death yak is almost dead.
The magic dart hits the death yak.
The death yak is almost dead.
Casting: Magic Dart (safe; 1% risk of failure)
Confirm with . or Enter, or press ? or * to list all spells.
Aiming: Searing Ray (safe; 1% risk of failure)
Press: ? - help, Shift-Dir - straight line, f/p - death yak
Aim: a death yak (almost dead, 94% to hit)
The searing ray hits the death yak but does no damage.
The death yak is almost dead. (Press . to maintain the ray.)
The searing ray hits the death yak.
The death yak is almost dead.
The searing ray hits the death yak.
The death yak is almost dead.
The death yak gores you!!
Ouch! That really hurt!
* * * LOW HITPOINT WARNING * * *
You feel much better. The death yak gores you.
The death yak attacks as you move away! The death yak barely misses you.
The death yak attacks as you move away! The death yak gores you!
* * * LOW HITPOINT WARNING * * *
The death yak attacks as you move away! The death yak gores you!
You die...

#.# #........###...#####
#.####### ##.#................
#.......# #.#####.#..Y..Y....
#######.####...###)#.##.......
#........<(.(..##....##.
######...###(####.#..##. ##.##
#.####.#..... #Y#
#............ #@#
########..### #.# #..# # #.#
#..# # #.# #..# # ##.## #..###
#...#### #..##.
#.#....#######.....
#...##......)...###
##############.####


You could see a death yak.

Vanquished Creatures
  6 yaks
  A steam dragon (D:8)
  A sky beast (D:7)
  3 ogres
  2 centaurs
  4 lemures (D:8)
  A kobold brigand (D:7)
  A gnoll sergeant (D:7)
  4 necrophages
  3 scorpions
  2 killer bees (D:8)
  3 jellies
  2 gnoll boudas
  6 orc priests
  2 hounds
  5 iguanas
  An orc wizard (D:5)
  20 gnolls
  7 adders
  2 white imps
  4 ufetubi
  A dart slug (D:3)
  23 orcs
  6 endoplasms
  3 giant cockroaches (D:1)
  8 goblins
  11 hobgoblins
  4 jackals (D:4)
  16 kobolds
  4 quokkas
  7 ball pythons
  8 bats
  4 frilled lizards
  8 rats
183 creatures vanquished.

Vanquished Creatures (collateral kills)
  Pikel (D:8)
  A centaur (D:7)
  A killer bee (D:8)
  A hell rat (D:8)
4 creatures vanquished.

Vanquished Creatures (others)
  7 demonic plants (D:2)
  25 fulminant prisms
  8 fungi
  10 plants
  2 withered plants (D:2)
52 creatures vanquished.

Grand Total: 239 creatures vanquished

Notes
Turn   | Place    | Note
-------+----------+-------------------------------------------
     0 | D:1      | nshep25 the Deep Elf Conjurer began the quest for the Orb.
     0 | D:1      | Reached XP level 1. HP: 10/10 MP: 6/6
   276 | D:1      | Reached XP level 2. HP: 15/15 MP: 5/8
   529 | D:1      | Learned a level 2 spell: Searing Ray
   661 | D:1      | Reached skill level 5 in Conjurations
  1233 | D:2      | Reached XP level 3. HP: 19/19 MP: 8/10
  1500 | D:2      | Found a faded altar of an unknown god.
  1905 | D:3      | Learned a level 2 spell: Sublimation of Blood
  2222 | D:3      | Reached XP level 4. HP: 24/24 MP: 7/11
  2254 | D:3      | Found a stormy altar of Qazlal.
  2406 | D:3      | Learned a level 4 spell: Iskenderun's Mystic Blast
  2441 | D:3      | Reached skill level 4 in Spellcasting
  3016 | D:4      | Noticed a scorpion
  3021 | D:4      | Killed a scorpion
  3022 | D:4      | Reached skill level 1 in Evocations
  3022 | D:4      | Reached XP level 5. HP: 28/28 MP: 7/14
  3070 | D:4      | Identified the +2 robe of Sif Muna's Generosity {Int+2}
  3254 | D:3      | Learned a level 4 spell: Fulminant Prism
  3259 | D:4      | Reached skill level 5 in Spellcasting
  3263 | D:4      | Reached XP level 6. HP: 32/32 MP: 6/16
  3669 | D:4      | Found Goahem's Armour Shoppe.
  3767 | D:4      | Found a white marble altar of Elyvilon.
  3776 | D:4      | Reached skill level 6 in Spellcasting
  3823 | D:4      | Found an opulent altar of Gozag.
  3933 | D:4      | You fall into a shaft and drop 1 floor!
  3933 | D:5      | Entered Level 5 of the Dungeon
  3948 | D:5      | Reached XP level 7. HP: 36/36 MP: 10/18
  4214 | D:5      | Reached skill level 7 in Spellcasting
  4634 | D:4      | Identified the +6 dagger of Analysis {venom, rF++}
  5119 | D:5      | Reached skill level 8 in Spellcasting
  5227 | D:5      | Reached XP level 8. HP: 41/41 MP: 11/22
  5484 | D:6      | Found a staircase to the Ecumenical Temple.
  5500 | Temple   | Entered the Ecumenical Temple
  5520 | Temple   | Became a worshipper of Ashenzari the Shackled
  5621 | D:6      | Identified the +12 glaive of Dullness {venom, *Noise +Blink
                  | rElec Int+2 Stlth+}
  5797 | D:6      | Reached skill level 9 in Spellcasting
  6441 | D:6      | Found a shadowy altar of Dithmenos.
  6525 | D:6      | Found a radiant altar of Vehumet.
  6628 | D:6      | Reached * piety under Ashenzari
  6774 | D:6      | Learned a level 3 spell: Call Canine Familiar
  6778 | D:6      | Learned a level 3 spell: Summon Guardian Golem
  6967 | D:7      | Found a runed translucent gate.
  6967 | D:7      | Found a runed translucent gate.
  6967 | D:7      | Found a runed translucent gate.
  6970 | D:7      | Noticed KittyFluff's ghost (novice GrBe)
  7127 | D:7      | Reached skill level 10 in Spellcasting
  7127 | D:7      | Reached skill level 1 in Hexes
  7127 | D:7      | Reached skill level 1 in Summonings
  7253 | D:6      | Reached XP level 9. HP: 29/46 MP: 11/25
  7689 | D:7      | Reached skill level 1 in Translocations
  7870 | D:7      | Reached skill level 11 in Spellcasting
  8779 | D:7      | Reached ** piety under Ashenzari
  9054 | D:8      | Noticed Pikel
  9062 | D:8      | Killed Pikel
  9063 | D:8      | Reached skill level 1 in Fighting
  9063 | D:8      | Reached skill level 12 in Spellcasting
  9327 | D:8      | Found a staircase to the Lair.
  9329 | D:8      | Noticed a death yak
  9336 | D:8      | Noticed a death yak
  9341 | D:8      | Noticed a death yak
  9551 | D:7      | Slain by a death yak

Illustrated notes

Levels and vault maps discovered:
D:1:      giann_horns, layout_basic
D:2:      layout_rooms, shapermc_ecumenical_altar_gd
D:3:      layout_basic, nicolae_overflow_crystal_walls,
          minmay_randomly_rotated_circles
D:4:      layout_basic, nicolae_overflow_squiral, serial_shops,
          kennysheep_little_box, chequers_decorated_corner
D:5:      layout_basic
D:6:      layout_basic, mainiacjoe_overflow_two_lobes,
          minmay_temple_entry_offerings
D:7:      layout_loops_ring, gammafunk_ghost_nasty_kobolds
D:8:      layout_cave_pools, dpeg_lair_monsters, gammafunk_ghost_necromancy,
          david_defended_altar_orc, uniq_pikel
Temple:   minmay_freezing_vapour_temple

Skill      XL: |  1  2  3  4  5  6  7  8  9 |
---------------+----------------------------+-----
Conjurations   | 5 6 7 8 9 |  9.6
Spellcasting   | 4 5 6 8 10 12 | 12.4
Evocations     | 1 2 4 |  4.9
Stealth        | 3 4 |  4.1
Dodging        | 3 |  3.4
Hexes          | 1 2 |  2.4
Summonings     | 1 3 |  3.7
Translocations | 1 |  1.2
Fighting       | 1 |  1.0

Action                   |  1- 3 |  4- 6 |  7- 9 || total
-------------------------+-------+-------+-------++-------
Melee: Spear             |    11 |       |       ||    11
       Staff             |       |       |     4 ||     4
 Cast: Magic Dart        |    82 |    60 |   125 ||   267
       Searing Ray       |     2 |    12 |    31 ||    45
       Fulminant Prism   |       |     3 |    22 ||    25
       Iskenderun's Myst |       |     2 |    15 ||    17
       Call Canine Famil |       |       |    17 ||    17
       Summon Guardian G |       |       |     7 ||     7
Invok: Curse Item        |       |       |     2 ||     2
  Use: Potion            |       |       |     1 ||     1
Armor: Robe              |     4 |     3 |    12 ||    19
Dodge: Dodged            |    12 |     7 |    38 ||    57
